Map: Ascension to Aiur LE

Players

Harstem - Winner!

  • Race: Protoss Protoss
  • Spawn Location: 11:00

Arctur

  • Race: Terran Terran
  • Spawn Location: 5:00

Event: WCS Valencia 2017

VOD

Have the link to the VOD?

Description

Time

  • Played on: July 13, 2017, 10:44 a.m.
  • Length: 11:05

All games in this series

Show
View Real Time Build Order
Export as new Build Order

Harstem Protoss - Winner!

Build Orders: 1 Gate Expand 

Get SALT Encoding   

  12  0:01  Probe (Chrono Boost)  
  13  0:11  Probe (Chrono Boost)  
  14  0:17  Pylon  
  14  0:22  Probe (Chrono Boost)  
  16  0:35  Probe (Chrono Boost)  
  16  0:36  Gateway  
  16  0:46  Probe (Chrono Boost)  
  16  0:47  Assimilator  
  17  0:56  Probe (Chrono Boost)  
  18  1:07  Probe (Chrono Boost)  
  19  1:18  Probe (Chrono Boost)  
  20  1:27  Nexus  
  20  1:35  Cybernetics Core  
  20  1:38  Probe (Chrono Boost)  
  21  1:44  Assimilator  
  21  1:48  Probe (Chrono Boost)  
  21  1:52  Pylon  
  22  1:59  Probe (Chrono Boost)  
  23  2:12  Adept (Chrono Boost)  
  23  2:13  Mothership Core (Chrono Boost)  
  27  2:16  Warp Gate (Chrono Boost)  
  27  2:31  Probe (Chrono Boost)  
  28  2:39  Probe, Stalker (Chrono Boost)  
  28  2:42  Probe  
  32  2:51  Probe (Chrono Boost)  
  32  2:54  Probe (Chrono Boost)  
  34  3:02  Pylon, Probe (Chrono Boost)  
  34  3:05  Probe (Chrono Boost)  
  36  3:08  Robotics Facility  
  36  3:11  Probe (Chrono Boost), Stalker (Chrono Boost)  
  38  3:17  Probe  
  40  3:22  Probe  
  40  3:23  Pylon  
  41  3:29  Probe  
  41  3:30  Gateway  
  41  3:33  Probe, Gateway  
  42  3:41  Probe  
  44  3:44  Pylon  
  44  3:45  Probe  
  45  3:50  Stalker (Chrono Boost)  
  45  3:53  Probe  
  48  3:57  Probe  
  48  3:59  Observer (Chrono Boost)  
  50  4:05  Probe  
  50  4:06  Pylon  
  50  4:09  Probe  
  52  4:11  Twilight Council  
  52  4:29  Probe  
  53  4:34  Probe  
  53  4:36  Assimilator  
  53  4:37  Observer (Chrono Boost)  
  55  4:39  Stalker x2  
  55  4:41  Probe  
  55  4:45  Stalker  
  62  4:51  Blink (Chrono Boost)  
  61  4:56  Probe  
  61  4:57  Probe  
  62  5:02  Pylon  
  62  5:06  Stalker x2  
  66  5:08  Probe  
  66  5:11  Nexus  
  66  5:14  Pylon, Stalker, Probe  
  69  5:18  Pylon  
  70  5:23  Warp Prism (Chrono Boost)  
  70  5:26  Probe  
  73  5:31  Probe  
  74  5:37  Forge  
  74  5:40  Probe  
  74  5:41  Forge  
  75  5:45  Probe  
  75  5:46  Sentry, Stalker  
  80  5:53  Probe  
  81  5:57  Probe  
  81  5:59  Stalker  
  84  6:04  Protoss Ground Armor Level 1 (Chrono Boost), Pylon  
  84  6:05  Probe, Protoss Ground Weapons Level 1 (Chrono Boost)  
  84  6:09  Probe  
  86  6:17  Probe  
  87  6:20  Pylon  
  87  6:21  Probe  
  87  6:23  Gateway x2  
  87  6:24  Probe  
  90  6:34  Sentry x2, Stalker  
  95  6:54  Nexus  
  95  7:00  Stalker x3  
  97  7:04  Probe  
  97  7:07  Probe  
  93  7:11  Probe, Gateway x2  
  93  7:12  Gateway  
  94  7:15  Gateway, Assimilator  
  94  7:16  Probe  
  94  7:19  Probe, Gateway  
  96  7:23  Probe  
  96  7:24  Zealot, Sentry x2, Assimilator  
  96  7:28  Probe  
  104  7:31  Probe  
  104  7:35  Charge (Chrono Boost), Zealot  
  104  7:36  Zealot  
  104  7:37  Probe  
  110  7:42  Probe  
  108  7:58  Stalker x3  
  108  8:10  Stalker x2  
  108  8:12  Immortal (Chrono Boost)  
  114  8:13  Probe x3  
  107  8:21  Zealot x8  
  107  8:22  Probe, Protoss Ground Armor Level 2 (Chrono Boost)  
  107  8:25  Probe x3  
  126  8:33  Protoss Ground Weapons Level 2 (Chrono Boost)  
  127  8:34  Probe  
  127  8:37  Probe x2  
  127  8:39  Sentry  
  127  8:40  Zealot, Pylon  
  134  8:41  Pylon  
  134  8:42  Pylon  
  134  8:45  Zealot x2  
  138  8:50  Sentry  
  140  8:56  Pylon  
  140  8:57  Pylon  
  140  8:58  Warp Prism (Chrono Boost)  
  140  8:59  Pylon  
  140  9:01  Pylon  
  140  9:02  Zealot x3  
  148  9:08  Stalker x3  
  154  9:13  Pylon, Stalker x2  
  158  9:17  Stalker  
  160  9:27  Zealot x4  
  168  9:34  Probe  
  168  9:35  Probe x2  
  168  9:36  Probe  
  168  9:37  Assimilator  
  172  9:39  Assimilator  
  172  9:42  Assimilator  
  172  9:44  Probe  
  172  9:47  Probe x2, Sentry, Stalker x4  
  181  9:56  Zealot x5  
  185  10:15  Zealot x2  
  185  10:16  Zealot x2  
  185  10:17  Stalker x2  
  185  10:18  Stalker  
  199  10:34  Zealot  
  199  10:35  Zealot x2  
  197  10:41  Zealot x7  
  171  10:55  Zealot x3  
  173  11:03  Zealot x4  
Show
View Real Time Build Order
Export as new Build Order

Arctur Terran 

Build Orders: Liberator Opening, MMM Bio 

Get SALT Encoding   

  12  0:00  SCV  
  13  0:12  SCV  
  14  0:17  Supply Depot  
  14  0:25  SCV  
  15  0:30  Refinery  
  15  0:38  SCV  
  16  0:45  Barracks  
  16  0:51  SCV  
  17  1:03  SCV  
  18  1:15  SCV  
  19  1:32  Orbital Command, Reaper  
  20  1:53  Factory  
  20  1:59  SCV  
  21  2:03  Command Center  
  21  2:09  Supply Depot  
  21  2:12  Barracks Reactor  
  21  2:14  SCV  
  22  2:22  Refinery  
  22  2:26  SCV  
  23  2:38  SCV  
  23  2:43  Starport  
  24  2:51  SCV  
  25  2:54  Factory Reactor  
  25  3:03  SCV  
  25  3:04  Marine x2  
  27  3:13  Engineering Bay  
  27  3:15  SCV, Orbital Command  
  28  3:21  Marine x2  
  28  3:22  Medivac  
  32  3:30  Widow Mine x2  
  32  3:31  SCV  
  37  3:35  Liberator  
  37  3:39  Marine x2  
  39  3:43  SCV  
  39  3:44  Missile Turret  
  39  3:46  SCV  
  44  3:57  SCV  
  44  3:58  SCV  
  46  4:06  Supply Depot  
  46  4:09  Widow Mine x2  
  50  4:11  SCV x2  
  52  4:17  Marine x2  
  54  4:28  SCV x2  
  52  4:35  Marine x2  
  54  4:40  Command Center  
  54  4:55  SCV  
  54  4:59  SCV  
  49  5:00  Marine x2  
  49  5:02  Terran Infantry Weapons Level 1  
  49  5:04  Barracks  
  49  5:05  Barracks  
  51  5:07  SCV, Supply Depot  
  51  5:11  SCV  
  51  5:19  Bunker, SCV  
  52  5:23  SCV  
  53  5:31  SCV  
  53  5:35  Marine x2  
  55  5:36  SCV, Starport  
  55  5:38  Supply Depot  
  55  5:41  Refinery x2  
  57  5:43  SCV  
  57  5:48  SCV  
  59  5:54  Barracks Tech Lab  
  59  5:55  Barracks Tech Lab, Marine x2, Orbital Command  
  59  5:56  Supply Depot  
  61  5:57  SCV  
  61  6:00  SCV  
  63  6:09  SCV  
  63  6:12  SCV, Starport Reactor  
  63  6:13  Combat Shields  
  63  6:14  Stimpack, Marauder, Barracks  
  63  6:18  Marauder  
  68  6:21  SCV  
  68  6:22  SCV  
  70  6:27  Barracks  
  70  6:28  SCV  
  70  6:31  Marine  
  72  6:33  SCV  
  72  6:36  Marauder  
  72  6:37  Marine  
  72  6:39  Liberator x2, Marauder  
  77  6:41  SCV x2  
  79  6:50  Supply Depot  
  74  6:57  Terran Infantry Armor Level 1  
  74  6:59  SCV  
  74  7:00  Marine  
  74  7:01  Marauder  
  77  7:04  SCV x2  
  76  7:08  Barracks Reactor  
  76  7:12  SCV  
  77  7:17  SCV  
  77  7:20  Marauder, Marine x2  
  77  7:21  Barracks Tech Lab  
  82  7:29  SCV x2, Supply Depot  
  84  7:30  Marine  
  85  7:38  Marine x2  
  85  7:41  SCV, Medivac  
  85  7:42  Factory  
  85  7:43  SCV  
  91  7:47  Orbital Command  
  91  7:56  Marine x2  
  91  7:57  Marauder, Marine  
  91  7:58  Marauder  
  97  8:05  Marine  
  98  8:14  Marine  
  98  8:18  Marauder  
  98  8:23  SCV x2  
  98  8:24  SCV  
  101  8:27  Marine x2  
  101  8:28  Marine x2  
  105  8:35  SCV x2  
  105  8:36  SCV, Barracks  
  105  8:37  Starport  
  105  8:39  Marauder  
  105  8:41  Starport  
  110  8:43  Factory Tech Lab  
  110  8:46  Supply Depot  
  110  8:47  SCV x2, Supply Depot  
  110  8:48  SCV, Armory  
  113  8:51  Engineering Bay  
  113  8:56  Refinery x2  
  113  8:58  Supply Depot  
  113  8:59  SCV  
  113  9:02  Liberator x2, Supply Depot  
  114  9:08  Liberator  
  114  9:09  Marine  
  118  9:10  Marauder x2, Marine  
  118  9:11  Concussive Shells  
  118  9:12  SCV  
  118  9:14  SCV  
  120  9:23  Factory Reactor  
  129  9:37  Armory  
  129  9:40  Fusion Core, Marine  
  129  9:41  Marine x6  
  129  9:45  Liberator x2  
  136  9:48  Command Center  
  135  9:57  Liberator  
  135  9:58  Marine x2  
  137  10:05  Marine x5, Supply Depot  
  148  10:11  Supply Depot  
  148  10:16  Marine x2  
  148  10:17  Command Center  
  151  10:23  Marine x3  
  148  10:29  SCV  
  148  10:35  SCV x2  
Tags
 
Add a new tag
Caveats
  • Supply blocks, unpowered buildings, or Contaminate may cause inaccurate times.
  • Supply counts are checked every 10 seconds.